 Dungeon Crawl Stone Soup version 0.29.0-7-g18a832c13a (webtiles) character file.

Game seed: 18257286115476637942

3430 Strat the Cleaver (level 10, -4/76 HPs)
             Began as a Formicid Cinder Acolyte on Aug 30, 2022.
             Was a High Priest of Ignis.
             Slain by a troll (10 damage)
             ... on level 9 of the Dungeon.
             The game lasted 00:18:47 (11803 turns).

Strat the Cleaver (Formicid Cinder Acolyte)        Turns: 11803, Time: 00:18:47

Health: -4/76      AC:  8    Str: 22    XL:     10   Next: 25%
Magic:  6/11       EV: 11    Int: 19    God:    Ignis [*****.]
Gold:   623        SH:  0    Dex: 17    Spells: 7/11 levels left

rFire   + + .      SeeInvis +   a - +3 battleaxe (vorpal)
rCold   + . .      Faith    .   (no shield)
rNeg    . . .      Spirit   .   z - +3 leather armour {rC+}
rPois   .          Reflect  .   (helmet unavailable)
rElec   .          Harm     .   o - +0 cloak
rCorr   .          Rampage  .   (no gloves)
Will    +....                   (no boots)
Stlth   +.........              (no amulet)
HPRegen 0.22/turn               j - +6 ring of dexterity
MPRegen 0.12/turn               n - ring of Ascent {rF+ Int+6}

@: no status effects
A: permanent stasis, dig shafts and tunnels, antennae 3, four strong arms
a: Dig, Shaft Self, Renounce Religion, Fiery Armour, Foxfire Swarm, Rising Flame


You were on level 9 of the Dungeon.
You worshipped Ignis.
Ignis was extremely pleased with you.
You visited 1 branch of the dungeon, and saw 9 of its levels.

You collected 623 gold pieces.

Inventory:

Hand Weapons
 a - a +3 vorpal battleaxe (weapon)
 f - a -1 hand axe of flaming
Armour
 b - a +0 robe
 o - a +0 cloak (worn)
 v - a +0 leather armour
 z - a +3 leather armour of cold resistance (worn)
Jewellery
 j - a +6 ring of dexterity (left hand)
 n - the ring of Ascent (right hand) {rF+ Int+6}
   (You took it off a goblin on level 4 of the Dungeon)

   [ring of intelligence]

   Int:       It affects your intelligence (+6).
   rF:        It protects you from fire.
 q - a ring of fire
Wands
 d - a wand of polymorph (9)
 y - a wand of roots (16)
 B - a wand of charming (10)
Scrolls
 l - a scroll of amnesia
 x - 2 scrolls of identify
 A - 2 scrolls of magic mapping
 C - 2 scrolls of noise {unknown}
 D - a scroll of butterflies
Potions
 c - 2 potions of mutation
 e - 2 potions of resistance
 g - 4 potions of brilliance
 h - a potion of cancellation
 i - a potion of haste {unknown}
 k - a potion of ambrosia {unknown}
 p - a potion of magic {unknown}
 r - 3 potions of berserk rage
 s - 2 potions of lignification {unknown}
 t - 4 potions of flight
 u - 7 potions of curing
 w - 3 potions of might {unknown}


   Skills:
 + Level 5.7 Fighting
 + Level 12.2 Axes
 + Level 5.6 Armour
 - Level 1.1 Spellcasting
 - Level 3.0 Fire Magic
 + Level 2.5 Earth Magic


You had 7 spell levels left.
You knew the following spells:

 Your Spells              Type           Power      Damage    Failure   Level
a - Scorch                Fire           24%        2d6       10%         2
b - Passwall              Tmut/Erth      4%         N/A       19%         2

Your spell library contained the following spells:

 Spells                   Type           Power      Damage    Failure   Level
 Sandblast                Erth           20%        2d7       8%          1
 Foxfire                  Conj/Fire      24%        2x1d5     12%         1
 Sublimation of Blood     Necr           1%         N/A       32%         2
 Wereblood                Tmut           1%         N/A       32%         2
 Conjure Flame            Conj/Fire      6%         6-21      34%         3
 Inner Flame              Hex/Fire       6%         N/A       34%         3
 Stone Arrow              Conj/Erth      10%        3d7       36%         3
 Ignite Poison            Fire/Tmut/Pois 4%         N/A       38%         3
 Gell's Gravitas          Tloc           1%         N/A       54%         3
 Lesser Beckoning         Tloc           1%         N/A       54%         3
 Mephitic Cloud           Conj/Pois/Air  1%         N/A       54%         3
 Teleport Other           Tloc           1%         N/A       54%         3
 Flame Wave               Conj/Fire      6%         2d5       75%         4
 Cause Fear               Hex            0%         N/A       91%         4
 Corpse Rot               Necr/Pois/Air  1%         N/A       91%         4
 Dispel Undead            Necr           1%         3d6       91%         4
 Freezing Cloud           Conj/Ice/Air   0%         6-21      99%         5
 Death Channel            Necr           0%         N/A       100%        6
 Summon Hydra             Summ           0%         N/A       100%        7
 Discord                  Hex            0%         N/A       100%        8


Dungeon Overview and Level Annotations

Branches:
Dungeon (9/15)             Temple (0/1) D:5
   Lair: D:8-11         Orc: D:9-12

Altars:
Ashenzari
Elyvilon
Hepliaklqana
Makhleb
Nemelex Xobeh
Okawaru
Qazlal
Vehumet
The Shining One

Shops:
D:1 :   D:2 =   D:4 ::   D:5 =


Innate Abilities, Weirdness & Mutations

You cannot be hasted, slowed, berserked, paralysed or teleported.
You can dig through walls and to a lower floor.
You have a pair of large antennae on your head. (SInv)
Your four strong arms can wield two-handed weapons with a shield.


Message History

The troll barely misses you. The troll claws you! The troll claws you.
Aiming: Charm
Press: ? - help, Shift-Dir - straight line, f - troll
Aim: a troll (lightly wounded, more vulnerable to fire, chance to affect: 49%)
The troll resists with some effort.
The troll closely misses you. The troll claws you but does no damage.
The troll claws you.
The gnoll sergeant hits you from afar with a +2 vampiric spear!
* * * LOW HITPOINT WARNING * * *
You completely miss the troll.
The troll is lightly wounded.
The troll bites you but does no damage. The troll claws you but does no damage.
The troll claws you.
* * * LOW HITPOINT WARNING * * *
The gnoll sergeant hits you from afar with a +2 vampiric spear!
* * * LOW HITPOINT WARNING * * *
Casting: Scorch (safe; 10% risk of failure)
Confirm with . or Enter, or press ? or * to list all spells.
Flames lash the troll.
The troll is burned terribly!
The troll is moderately wounded.
The troll bites you!
* * * LOW HITPOINT WARNING * * *
The troll barely misses you. x2
The gnoll sergeant hits you from afar with a +2 vampiric spear!
* * * LOW HITPOINT WARNING * * *
The troll attacks as you move away! The troll closely misses you.
The troll completely misses you. The troll claws you.
* * * LOW HITPOINT WARNING * * *
There is an open door here.
The troll attacks as you move away! The troll misses you. The troll claws you.
* * * LOW HITPOINT WARNING * * *
The troll claws you!
* * * LOW HITPOINT WARNING * * *
The troll is no longer more vulnerable to fire.
There is an open door here.
The troll attacks as you move away! The troll bites you.
* * * LOW HITPOINT WARNING * * *
The troll claws you.
* * * LOW HITPOINT WARNING * * *
The troll claws you!
You die...

#..........+{,** *{,,,..
#..........#*,{***,,,,..
#..........#**{{{*,,,,g.
#.>..<..)..# ***,{{,,,T.
#..........# ***{,,,..
###'######## ######'#
#..#### #......# ##....#
###'######
####@#######.........
#...T##...'.........
#....g..###.).......
#....#### #.........
#....# #......... #....#
#......... #....#
########## #....# ######


You could see a troll and a gnoll sergeant.

Vanquished Creatures
  Maggie (D:7)
  A wyvern (D:7)
  A yak (D:8)
  2 steam dragons
  Duvessa (D:7)
  A black bear (D:5)
  An orc warrior (D:8)
  An ice beast (D:7)
  A sky beast (D:7)
  4 ogres
  2 kobold brigands (D:9)
  A scorpion (D:5)
  2 necrophages
  5 bullfrogs
  7 wights
  Dowan (D:7)
  2 orc priests
  Crazy Yiuf (D:7)
  2 hounds
  2 jellies (D:4)
  2 iguanas
  An iron imp (D:6)
  5 orc wizards
  8 gnolls
  6 adders
  A shadow imp (D:7)
  A white imp (D:8)
  An ufetubus (D:5)
  A worm (D:2)
  3 dart slugs
  19 orcs
  4 bats
  6 endoplasms
  3 giant cockroaches
  8 goblins
  2 hobgoblins (D:4)
  11 jackals
  9 kobolds
  4 quokkas
  2 ball pythons
  3 frilled lizards (D:1)
  A goblin skeleton (D:6)
  A hobgoblin zombie (D:6)
  2 kobold skeletons (D:6)
  An orc skeleton (D:6)
  3 orc zombies (D:6)
  30 rats
177 creatures vanquished.

Vanquished Creatures (collateral kills)
  An orc priest (D:8)
  An orc wizard (D:8)
  A white imp (D:8)
  3 orcs (D:8)
6 creatures vanquished.

Vanquished Creatures (others)
  2 fungi (D:7)
2 creatures vanquished.

Grand Total: 185 creatures vanquished

Notes
Turn   | Place    | Note
-------+----------+-------------------------------------------
     0 | D:1      | Strat the Formicid Cinder Acolyte began the quest for the
                  | Orb.
     0 | D:1      | Reached XP level 1. HP: 18/18 MP: 2/2
     3 | D:1      | Found Koisico's Book Emporium.
   137 | D:1      | Reached XP level 2. HP: 7/24 MP: 3/3
   351 | D:1      | Learned a level 2 spell: Scorch
   473 | D:1      | Found a faded altar of an unknown god.
   804 | D:1      | Reached skill level 4 in Axes
   804 | D:1      | Reached XP level 3. HP: 29/29 MP: 4/4
  1539 | D:2      | Found a radiant altar of Vehumet.
  1665 | D:2      | Found Deopt's Jewellery Shop.
  2325 | D:2      | Reached XP level 4. HP: 35/35 MP: 0/5
  2453 | D:3      | Found a sparkling altar of Nemelex Xobeh.
  2786 | D:3      | Found a broken altar of Ashenzari.
  2875 | D:3      | Found an iron altar of Okawaru.
  3006 | D:3      | Reached skill level 5 in Axes
  3261 | D:3      | Reached XP level 5. HP: 39/41 MP: 6/6
  3541 | D:4      | Found Uqeudeci's Book Shoppe.
  3781 | D:4      | Identified a scroll of acquirement
  3781 | D:4      | Acquired a +2 vorpal battleaxe
  4065 | D:4      | Found Atamuun's Book Emporium.
  4182 | D:4      | Reached skill level 6 in Axes
  4185 | D:4      | Reached XP level 6. HP: 12/47 MP: 1/7
  4492 | D:4      | Identified the ring of Ascent {rF+ Int+6}
  5018 | D:4      | Found a hazy altar of Hepliaklqana.
  5426 | D:5      | Entered Level 5 of the Dungeon
  5595 | D:5      | Noticed an ogre
  5595 | D:5      | Noticed a hornet
  5661 | D:5      | Found a white marble altar of Elyvilon.
  5671 | D:5      | Found Rosoongyshri's Jewellery Boutique.
  5678 | D:5      | Noticed a black bear
  5735 | D:5      | Reached skill level 7 in Axes
  5843 | D:5      | Reached XP level 7. HP: 52/52 MP: 1/8
  5951 | D:5      | Found a staircase to the Ecumenical Temple.
  6270 | D:5      | Reached skill level 5 in Fighting
  6270 | D:5      | Reached skill level 8 in Axes
  6270 | D:5      | Reached XP level 8. HP: 30/62 MP: 0/9
  6600 | D:6      | Found a glowing golden altar of the Shining One.
  7312 | D:6      | Found a burning altar of Makhleb.
  7312 | D:6      | Noticed a green death
  7465 | D:7      | Noticed Duvessa
  7482 | D:6      | Reached skill level 9 in Axes
  7802 | D:7      | Found a runed translucent door.
  7803 | D:7      | Noticed Crazy Yiuf
  7826 | D:7      | Killed Crazy Yiuf
  8109 | D:7      | Found a stormy altar of Qazlal.
  8111 | D:7      | Noticed Dowan
  8163 | D:7      | Killed Duvessa
  8417 | D:7      | Reached skill level 10 in Axes
  8417 | D:7      | Reached skill level 1 in Armour
  8494 | D:7      | Killed Dowan
  8495 | D:7      | Reached XP level 9. HP: 63/68 MP: 5/10
  8906 | D:7      | Noticed Maggie
  8917 | D:7      | Killed Maggie
  9331 | D:7      | Reached skill level 11 in Axes
  9377 | D:7      | Reached skill level 5 in Armour
 10149 | D:8      | Reached XP level 10. HP: 73/74 MP: 6/11
 10785 | D:9      | Reached skill level 12 in Axes
 10788 | D:9      | Learned a level 2 spell: Passwall
 11026 | D:9      | Reached skill level 1 in Earth Magic
 11803 | D:9      | Slain by a troll

Illustrated notes

Levels and vault maps discovered:
D:1:      dpeg_arrival_ratfight, layout_basic, serial_shops,
          nicolae_shop_hallway_plus,
          hellmonk_ecumenical_altar_pennies_from_heaven
D:2:      layout_basic, serial_shops, nicolae_lakefront_shop, basic_altar,
          chequers_serial_rivers_small_a, corner_web_ring,
          amcnicky_mini_pool_small
D:3:      layout_rooms, nemelex_spade_bored_becter, okawaru_trees_1,
          mainiacjoe_overflow_concentric_impassable, minmay_misc_feat_rows,
          minmay_rat_hole
D:4:      layout_layer_cave, lemuel_tele_altar, serial_shops,
          nicolae_stop_n_shop_1, nicolae_inconvenience_store,
          minmay_starry_boxes
D:5:      layout_loops_cross, elyvilon_altar_4,
          minmay_temple_entry_glassed_door, serial_shops, shop,
          lightli_corner_chamber
D:6:      layout_basic, makhleb_altar_promises_db, nicolae_tso_besieged_by_evil
D:7:      layout_basic, mainiacjoe_overflow_catwalk, uniq_duvessa,
          uniq_crazy_yiuf_cottage, uniq_maggie
D:8:      layout_loops_ring, grunt_ministairs_11
D:9:      layout_roguey, kennysheep_orc_monster_closet_entryway

Skill      XL: |  1  2  3  4  5  6  7  8  9 10 |
---------------+-------------------------------+-----
Axes           | 4 5 6 7 8 10 11 12 | 12.2
Fighting       | 5 |  5.7
Armour         | 1 5 |  5.6
Earth Magic    | 2 |  2.5
Spellcasting   | |  1.1
Fire Magic     | |  3.0

Action                   |  1- 3 |  4- 6 |  7- 9 | 10-12 || total
-------------------------+-------+-------+-------+-------++-------
Melee: Hand axe          |   107 |    88 |       |       ||   195
       Battleaxe         |       |    43 |   121 |    40 ||   204
       Unarmed           |       |       |     1 |       ||     1
       Punch             |       |       |     2 |     2 ||     4
 Cast: Scorch            |    10 |    28 |    60 |    14 ||   112
Evoke: Wand              |       |       |     3 |     1 ||     4
  Use: Scroll            |       |    14 |     5 |     1 ||    20
       Potion            |       |       |     3 |     3 ||     6
 Stab: Sleeping          |     2 |     1 |       |       ||     3
       Invisible         |       |       |     2 |       ||     2
Armor: Robe              |    31 |       |       |       ||    31
       Leather armour    |       |    31 |    35 |    13 ||    79
Dodge: Dodged            |    67 |    76 |    79 |    47 ||   269
